 Dungeon Crawl Stone Soup version 0.20.1-1-g8b1a95d66d (webtiles) character file.

72 Gerodin the Magician (level 4, 0/31 HPs)
             Began as a Human Wizard on Dec 10, 2017.
             Slain by a worm (7 damage)
             ... on level 2 of the Dungeon.
             The game lasted 00:16:47 (3653 turns).

Gerodin the Magician (Human Wizard)                 Turns: 3653, Time: 00:16:48

Health: 0/31       AC:  2    Str:  7    XL:     4   Next: 50%
Magic:  7/9        EV: 12    Int: 20    God:
Gold:   92         SH:  0    Dex: 11    Spells: 5/10 levels left

rFire    . . .     SeeInvis .   e - +0 hand axe
rCold    . . .     Gourm    .   (no shield)
rNeg     . . .     Faith    .   a - +0 robe
rPois    .         Spirit   .   b - +0 hat
rElec    .         Reflect  .   (no cloak)
rCorr    .         Harm     +   (no gloves)
MR       .....                  (no boots)
Stlth    ++........             h - amulet of harm
Regen    0.1/turn               (no ring)
MPRegen  0.2/turn               (no ring)

@: no status effects
A: no striking features
a: no special abilities


You were on level 2 of the Dungeon.
You were very hungry.

You visited 1 branch of the dungeon, and saw 2 of its levels.

You collected 92 gold pieces.

Inventory:

Hand Weapons
 e - a +0 hand axe (weapon)
 l - a +0 dagger
 n - a +0 dagger
 r - a +0 hunting sling
Missiles
 k - 43 arrows
 s - 20 sling bullets
Armour
 a - a +0 robe (worn)
 b - a +0 hat (worn)
 q - a +0 robe
Jewellery
 h - an amulet of harm (around neck)
Scrolls
 i - 2 scrolls of remove curse {unknown}
 j - 2 scrolls of identify {unknown}
 p - a scroll of random uselessness {unknown}
 t - a scroll of magic mapping {unknown}
 u - a scroll of amnesia {unknown}
 v - a scroll of teleportation {unknown}
Potions
 g - a potion of curing {unknown}
 w - a potion of resistance {unknown}
Books
 c - a book of Minor Magic

   Spells                             Type                      Level
   a - Magic Dart                     Conjuration                  1
   b - Blink                          Translocation                2
   c - Call Imp                       Summoning                    2
   d - Slow                           Hexes                        2
   e - Conjure Flame                  Conjuration/Fire             3
   f - Mephitic Cloud                 Conjuration/Poison/Air       3
Comestibles
 d - 2 bread rations
 m - 2 fruits
 o - a meat ration


   Skills:
 + Level 0.6 Fighting
 + Level 0.2 Short Blades
 + Level 1.0 Axes
 + Level 2.3 Dodging
 + Level 2.3 Stealth
 + Level 0.2 Unarmed Combat
 + Level 3.8 Spellcasting
 + Level 1.0 Conjurations
 + Level 1.7 Summonings
 + Level 1.0 Translocations


You had 5 spell levels left.
You knew the following spells:

 Your Spells              Type           Power        Failure   Level  Hunger
a - Magic Dart            Conj           #...         9%          1    None
b - Blink                 Tloc           N/A          13%         2    ##.....
c - Call Imp              Summ           ##......     10%         2    ##.....


Dungeon Overview and Level Annotations

Branches:
Dungeon (2/15)

Altars:
Cheibriados
Elyvilon
Hepliaklqana


Message History

You hit the worm.
The worm is heavily wounded.
The worm closely misses you.
You hit the worm.
The worm is severely wounded.
The worm bites you!
You hit the worm.
The worm is almost dead.
The worm bites you!
* * * LOW HITPOINT WARNING * * *
You hit the worm but do no damage.
The worm is almost dead.
You hit the worm but do no damage.
The worm is almost dead.
The worm misses you.
Casting: Blink
Confirm with . or Enter, or press ? or * to list all spells.
A beastly little devil appears in a puff of flame.
The worm bites you.
You die...

.####...###.### ..#
............... ...
............... #.# #
...........<...##.#.#
#####...### ..#..#.
#......# .....
#....#.### 5l.
####....#...# #w#
♣♣♣♣ ........#.#.#
#@# #####♣♣.P♣
####....#.♣.♣
#.######...♣.P..♣
####....#.♣.♣
#........##♣.P..♣♣
..##......♣.♣
#.##.##..#...♣....
..########♣.♣
#.##.#...#.♣♣...♣♣
#.#### ♣.♣
#.##.♣.♣....♣♣♣P♣
.....### ♣.♣
#.##♣P.P♣#### ♣♣♣
.......# ♣.♣###>#
♣P.P♣ #.#......
♣.♣.##.. ♣P.P♣


You could see a worm, a frilled lizard and a friendly crimson imp.

Vanquished Creatures
  An adder (D:1)
  An ooze (D:1)
  A dart slug (D:1)
  A leopard gecko (D:1)
  2 giant cockroaches (D:1)
  2 goblins
  3 hobgoblins (D:2)
  A jackal (D:1)
  3 bats (D:1)
  3 frilled lizards
  3 kobolds (D:1)
  2 rats (D:1)
  2 bushes (D:2)
  3 plants (D:2)
28 creatures vanquished.

Vanquished Creatures (collateral kills)
  2 adders (D:2)
  An ooze (D:1)
  A worm (D:2)
  3 dart slugs
  A leopard gecko (D:2)
  2 bats (D:1)
  A giant cockroach (D:2)
  2 goblins
  4 hobgoblins
  4 jackals (D:2)
  A kobold (D:1)
  A quokka (D:2)
  2 ball pythons (D:1)
  A frilled lizard (D:2)
  A rat (D:1)
27 creatures vanquished.

Grand Total: 55 creatures vanquished

Notes
Turn   | Place    | Note
-------+----------+-------------------------------------------
     0 | D:1      | Gerodin the Human Wizard began the quest for the Orb.
     0 | D:1      | Reached XP level 1. HP: 13/13 MP: 4/4
    96 | D:1      | Reached XP level 2. HP: 8/19 MP: 1/6
   272 | D:1      | Learned a level 2 spell: Call Imp
   277 | D:1      | Learned a level 2 spell: Blink
   672 | D:1      | Reached XP level 3. HP: 9/24 MP: 1/7
  1170 | D:1      | Reached skill level 1 in Axes
  1799 | D:2      | Reached XP level 4. HP: 8/30 MP: 0/9
  2037 | D:2      | Found a white marble altar of Elyvilon.
  2222 | D:2      | Found a hazy altar of Hepliaklqana.
  2227 | D:2      | Found a snail-covered altar of Cheibriados.
  3653 | D:2      | Slain by a worm

Skill      XL: |  1  2  3 |
---------------+----------+-----
Axes           | 1 |  1.0
Fighting       | |  0.6
Short Blades   | |  0.2
Dodging        | |  2.3
Stealth        | |  2.3
Unarmed Combat | |  0.2
Spellcasting   | |  3.8
Conjurations   | |  1.0
Summonings     | |  1.7
Translocations | |  1.0

Action                   |  1- 3 |  4- 6 || total
-------------------------+-------+-------++-------
Melee: Hand axe          |    39 |   734 ||   773
       Unarmed           |     2 |       ||     2
       Dagger            |    17 |    14 ||    31
       Punch             |       |     3 ||     3
 Cast: Magic Dart        |    27 |    12 ||    39
       Call Imp          |    18 |    10 ||    28
       Blink             |     3 |     2 ||     5
 Stab: Sleeping          |     1 |       ||     1
  Eat: Chunk             |     3 |     4 ||     7
       Fruit             |       |     2 ||     2
       Royal jelly       |       |     1 ||     1
Armor: Robe              |    17 |     5 ||    22
Dodge: Dodged            |    88 |    15 ||   103
